 Dungeon Sprint DCSS version 0.17-a0-1575-g9a29ec8 (webtiles) character file.

0 nuthulu the Skirmisher (level 1, -1/14 HPs)
             Began as a Gargoyle Fighter on July 26, 2015.
             Was an Initiate of Okawaru.
             Slain by Blork the orc
             ... wielding a +2 war axe of chopping
              (3 damage)
             ... in the Dungeon (Sprint VI: "Thunderdome").
             The game lasted 00:00:32 (66 turns).

nuthulu the Skirmisher (Gargoyle Fighter)             Turns: 66, Time: 00:00:32

Health: -1/14      AC:  9    Str: 24    XL:     1   Next: 30%
Magic:  1/1        EV:  7    Int:  8    God:    Okawaru [......]
Gold:   200        SH:  9    Dex:  9    Spells: 0 memorised, 0 levels left

rFire  . . .     SeeInvis .     a - +0 flail
rCold  . . .     Clarity  .     b - +0 scale mail
rNeg   + . .     SustAt   .     c - +0 shield
rPois  ∞         Gourm    .     (no helmet)
rElec  +         Spirit   .     (no cloak)
rCorr  .         Warding  .     (no gloves)
rMut   .         NoTele   +     (no boots)
MR     .....                    (no amulet)
Stlth  ..........               (no ring)
                                (no ring)

@: mighty, not resistant to hostile enchantments, extremely unstealthy
A: negative energy resistance 1, electricity resistance, unbreathing,
petrification resistance, rot immunity, AC +2
a: Renounce Religion


You were in the Dungeon.
You worshipped Okawaru.
Okawaru was noncommittal.
You were not hungry.

You visited 1 branch You collected 200 gold pieces.

Inventory:

Hand weapons
 a - a +0 flail (weapon)
Armour
 b - a +0 scale mail (worn)
 c - a +0 shield (worn)
Magical devices
 l - a wand of cold (5)
 m - a wand of fire (5)
Scrolls
 k - 4 scrolls of blinking
 n - 3 scrolls of fog
Potions
 f - a potion of curing
 g - 4 potions of heal wounds
 h - 4 potions of haste
 i - 2 potions of magic
 j - a potion of berserk rage
 o - a potion of resistance
Comestibles
 e - a bread ration
 p - 3 chunks of flesh


   Skills:
 + Level 3.6 Fighting
 + Level 2.2 Maces & Flails
 + Level 3.5 Armour
 + Level 3.5 Shields


You couldn't memorise any spells.
You didn't know any spells.

Dungeon Overview and Level Annotations

Branches:
Dungeon (1/1)

Altars:
Cheibriados
Dithmenos
Fedhas
Gozag
Kikubaaqudgha
Makhleb
Okawaru
Qazlal
Ru
Sif Muna
Trog
Vehumet
Xom
Yredelemnul
Zin
The Shining One
Jiyva
Lugonu

Shops:
D *[%???*:[((!!!!

Annotations:
D Blork the orc


Innate Abilities, Weirdness & Mutations

You are resistant to torment.
Your stone body is resilient (AC +2).
You are immune to poison.
You resist negative energy.
You are resistant to electric shocks.
You can survive without breathing.
You are immune to petrification.
You are immune to rotting.


Message History

You barely miss Blork the orc.
Blork the orc is severely wounded.
Blork the orc barely misses you. You block Blork the orc's attack.
You hit Blork the orc.
Blork the orc is severely wounded.
Blork the orc hits you but does no damage.
You hit Blork the orc.
Blork the orc is almost dead.
You block Blork the orc's attack.
Blork the orc gestures wildly while chanting.
Blork the orc flickers and vanishes!
Deactivating autopickup; reactivate with Ctrl-A.
You barely miss something. Something completely misses you.
Something hits you but does no damage.
You closely miss something. You block its attack.
You completely miss something. Something hits you but does no damage.
Something hits you!
Ouch! That really hurt!
* * * LOW HITPOINT WARNING * * *
You die...

∩........8.# #.8........∩###
...........###.............##
........###...###..........⌠#
........# #.<.# #..........⌠#
........###...###..........⌠#
...........###.............##
∩........8.# #.8........∩###
#∩_._......###.......__∩##
######.8.......{@8.######
#⌠...........⌠#
###.........### #........_#
#_......._# ........#
.......∩# ∩.....∩##


There were no monsters in sight!

Vanquished Creatures
  An orc (D)
1 creature vanquished.

Notes
Turn   | Place    | Note
--------------------------------------------------------------
     0 | D        | nuthulu the Gargoyle Fighter began the quest for the Orb.
     0 | D        | Reached XP level 1. HP: 14/14 MP: 1/1
     1 | D        | Found an iron altar of Okawaru.
     2 | D        | Found an ancient bone altar of Kikubaaqudgha.
     3 | D        | Found a shadowy altar of Dithmenos.
     4 | D        | Found Ontinoq's Identification Station.
     4 | D        | Found a sacrificial altar of Ru.
     4 | D        | Found a viscous altar of Jiyva.
     4 | D        | Found Pecviul's Bee Food.
     5 | D        | Found Omicoet's Advanced Armour.
     5 | D        | Found Vaumumext's Jewellery.
     5 | D        | Round 1.
     7 | D        | Found a glowing golden altar of the Shining One.
    22 | D        | Found a snail-covered altar of Cheibriados.
    29 | D        | Became a worshipper of Warmaster Okawaru
    37 | D        | Found a bloodstained altar of Trog.
    38 | D        | Found a corrupted altar of Lugonu.
    38 | D        | Found a deep blue altar of Sif Muna.
    38 | D        | Found a stormy altar of Qazlal.
    38 | D        | Found Ziv Uvva's Magic Scroll Shop.
    38 | D        | Found Doerae's Staff Store.
    39 | D        | Found Hoyvin's Magic Scroll Shop.
    39 | D        | Found Hiuwkihusm's Must-Have Magic.
    42 | D        | Found a shimmering altar of Xom.
    43 | D        | Found a basalt altar of Yredelemnul.
    44 | D        | Found a glowing silver altar of Zin.
    45 | D        | Found Porchaith's Distillery.
    46 | D        | Found Ikoan's Distillery.
    46 | D        | Found Ytae's Bottled Wisdom.
    47 | D        | Found a radiant altar of Vehumet.
    47 | D        | Found an opulent altar of Gozag.
    47 | D        | Found Kiqal's Do-It-Yourself Clinic.
    51 | D        | Found a burning altar of Makhleb.
    55 | D        | Found a blossoming altar of Fedhas.
    55 | D        | Noticed Blork the orc
    56 | D        | Found Ihudd's Weapon Rack.
    57 | D        | Found Cunn's Basic Armour.
    57 | D        | Found Goodiume's Miscellaneous Merchandise.
    66 | D        | Slain by Blork the orc

Vault maps used:
D:        arena_sprint

Action                   || total
-------------------------++-------
Melee: Flail             ||    11
  Use: Potion            ||     1
